Map: Dusk Towers

Players

CMStormPolt (Polt) - Winner!

  • Race: Terran Terran
  • League: Grandmaster

LiquidSnute (Snute)

  • Race: Zerg Zerg

Event: Root's WW3

VOD

Have the link to the VOD?

Description

Time

  • Played on: Dec. 12, 2015, 8:02 a.m.
  • Length: 12:23

All games in this series

Show
View Real Time Build Order
Export as new Build Order

CMStormPolt Terran - Winner!

Build Orders: Reaper Expand, MMM Bio 

Get SALT Encoding   

  12  0:00  SCV  
  13  0:13  SCV  
  14  0:18  Supply Depot  
  14  0:25  SCV  
  15  0:39  SCV  
  15  0:41  Barracks  
  16  0:45  Refinery  
  16  0:51  SCV  
  17  1:03  SCV  
  18  1:15  SCV  
  19  1:29  Orbital Command  
  19  1:30  Reaper  
  20  1:40  Command Center  
  20  1:54  SCV  
  20  2:00  Supply Depot  
  21  2:02  Barracks Reactor  
  21  2:06  SCV  
  22  2:18  SCV  
  22  2:22  Refinery  
  23  2:25  Factory  
  23  2:30  SCV  
  24  2:39  Command Center  
  24  2:43  SCV  
  25  2:45  Marine x2  
  27  2:55  Orbital Command  
  27  2:56  SCV  
  28  3:08  SCV  
  28  3:09  Starport  
  28  3:11  Factory Tech Lab  
  29  3:21  SCV  
  29  3:22  SCV  
  31  3:30  Siege Tank  
  31  3:33  SCV  
  35  3:34  SCV  
  36  3:45  SCV  
  36  3:46  SCV  
  38  3:51  Viking, Marine x2  
  38  3:53  Orbital Command  
  41  3:57  SCV  
  41  3:58  SCV  
  43  4:09  SCV  
  44  4:10  SCV  
  44  4:11  Factory Tech Lab  
  44  4:13  Barracks  
  44  4:15  Barracks  
  45  4:18  Stimpack, Marine  
  45  4:19  SCV  
  45  4:21  SCV  
  45  4:22  SCV  
  45  4:23  Supply Depot, Refinery  
  49  4:27  Refinery  
  49  4:34  SCV  
  49  4:35  SCV x2  
  49  4:38  Factory Reactor, Marine  
  53  4:39  Supply Depot, Banshee  
  56  4:47  SCV x3  
  56  4:48  Cloaking Field  
  59  4:56  Engineering Bay, Orbital Command  
  59  4:58  Engineering Bay  
  59  5:00  SCV x2  
  59  5:04  Marine x3  
  64  5:09  Supply Depot  
  64  5:12  SCV x2  
  66  5:19  Barracks x2  
  66  5:22  Banshee  
  66  5:23  Factory Reactor  
  66  5:25  SCV x2  
  66  5:26  SCV  
  72  5:30  Terran Infantry Weapons Level 1  
  72  5:32  Terran Infantry Armor Level 1  
  72  5:35  Supply Depot  
  72  5:41  SCV x3  
  75  5:45  Supply Depot  
  75  5:48  Supply Depot  
  75  5:52  Marine x5  
  75  5:55  SCV x3  
  83  6:00  Supply Depot x2  
  83  6:09  Factory Reactor  
  83  6:10  Barracks Reactor  
  83  6:11  SCV x2  
  83  6:13  SCV  
  83  6:15  Marauder, Marine x4  
  92  6:19  Medivac x2  
  92  6:21  Supply Depot  
  92  6:22  Combat Shields, Marine  
  97  6:27  SCV x3  
  97  6:30  Refinery  
  100  6:35  Armory  
  100  6:38  Marauder  
  100  6:39  Marine x4  
  106  6:40  Marauder  
  106  6:47  Supply Depot, Marine x2  
  108  6:48  Supply Depot, Concussive Shells  
  108  6:49  Medivac x2  
  108  6:50  Widow Mine x2  
  115  7:04  Marine x2, Marauder x2  
  115  7:05  Marine x4  
  122  7:19  Supply Depot  
  122  7:20  Supply Depot, Medivac  
  122  7:21  Medivac  
  122  7:22  Marine x6  
  126  7:23  Widow Mine x2  
  126  7:25  Marauder  
  126  7:26  Marauder  
  126  7:27  Terran Infantry Weapons Level 2  
  140  7:32  Supply Depot  
  140  7:33  Supply Depot  
  140  7:38  Terran Infantry Armor Level 2  
  139  7:45  Marine x6  
  139  7:47  Marauder x2  
  137  8:03  Marine x6  
  142  8:08  Marauder x2  
  142  8:12  Widow Mine x2  
  142  8:14  Command Center, Medivac x2  
  143  8:25  Terran Vehicle And Ship Armor Level 1  
  143  8:27  Barracks  
  143  8:28  Barracks  
  143  8:29  Barracks, Marine x2  
  143  8:30  Marauder x2, Marine x4  
  150  8:47  Marine  
  150  8:48  Medivac x2  
  153  8:49  Marine x5  
  153  8:51  Marauder x2  
  153  8:59  Widow Mine x2  
  157  9:05  Marine  
  158  9:13  Marauder x2, Marine x5  
  161  9:18  Barracks Reactor, Barracks Tech Lab x2  
  140  9:29  Orbital Command  
  140  9:30  Marine  
  140  9:31  Marine x5  
  143  9:35  Marauder x2  
  143  9:38  Marauder x2  
  154  9:42  Widow Mine  
  154  9:43  Widow Mine  
  162  9:47  Liberator x2  
  155  9:58  Marauder x2  
  155  9:59  Marauder x2, Marine x8  
  148  10:17  Marine x8  
  148  10:20  Marauder x3  
  148  10:21  Marauder  
  152  10:35  Marine x8  
  149  10:41  Marauder x2  
  149  10:42  Marauder x2  
  149  10:47  Medivac x2  
  153  10:52  Marine x3  
  153  10:53  Marine x5  
  150  11:02  Marauder, Widow Mine x2  
  150  11:03  Marauder x3  
  149  11:17  Medivac x2  
  153  11:24  Marauder x2  
  153  11:25  Marine x6, Marauder x2  
  156  11:28  Marine  
  140  11:36  Widow Mine x2  
  140  11:38  Marine  
  145  11:43  Marine x6  
  145  11:45  Marauder x2  
  145  11:46  Marine, Marauder x2  
  160  11:47  Medivac x2  
  150  12:02  Marine x6  
  150  12:03  Marine  
  150  12:04  Marine  
  154  12:10  Command Center  
Show
View Real Time Build Order
Export as new Build Order

LiquidSnute Zerg 

Build Orders: Hatch First 

Get SALT Encoding   

  12  0:00  Drone  
  13  0:12  Overlord  
  13  0:17  Drone  
  14  0:30  Drone x2  
  14  0:34  Drone  
  17  0:51  Hatchery  
  17  0:54  Drone  
  17  0:57  Drone  
  17  1:00  Extractor  
  17  1:12  Spawning Pool  
  17  1:15  Drone  
  17  1:18  Drone  
  18  1:27  Drone  
  19  1:39  Overlord  
  19  1:49  Drone  
  20  1:59  Metabolic Boost, Queen  
  23  2:01  Zergling x2  
  23  2:03  Queen  
  23  2:07  Zergling x2  
  26  2:10  Drone  
  26  2:14  Drone  
  28  2:23  Drone  
  28  2:25  Drone  
  30  2:32  Drone  
  31  2:41  Queen  
  31  2:44  Overlord  
  32  2:45  Drone  
  32  2:46  Zergling x2  
  34  2:55  Zergling x2  
  35  3:03  Zergling x2  
  36  3:05  Drone  
  36  3:08  Drone x4  
  41  3:13  Drone  
  41  3:14  Drone  
  41  3:15  Overlord  
  43  3:21  Extractor  
  43  3:24  Drone  
  43  3:33  Overlord  
  43  3:35  Hatchery  
  43  3:40  Drone x2  
  43  3:41  Drone  
  45  3:44  Lair, Drone x3  
  45  3:47  Drone  
  49  3:48  Drone  
  49  3:49  Drone  
  49  3:52  Drone  
  49  3:53  Drone  
  53  3:56  Drone  
  53  4:01  Extractor  
  53  4:02  Roach Warren  
  52  4:05  Drone  
  52  4:09  Drone  
  54  4:17  Drone  
  54  4:18  Drone x3  
  58  4:25  Overlord  
  58  4:28  Queen  
  58  4:29  Overlord  
  58  4:31  Overlord  
  60  4:36  Evolution Chamber, Overlord  
  59  4:38  Evolution Chamber  
  58  4:49  Drone x5  
  58  4:50  Drone  
  64  4:53  Drone x2, Infestation Pit  
  64  4:57  Drone  
  64  4:59  Drone  
  67  5:02  Drone  
  67  5:03  Drone x2  
  67  5:04  Zerg Missile Weapons Level 1  
  67  5:05  Zerg Ground Armor Level 1  
  70  5:07  Drone  
  70  5:09  Drone  
  70  5:10  Drone  
  73  5:14  Drone  
  73  5:17  Extractor  
  73  5:18  Drone, Extractor x2  
  73  5:21  Drone x4  
  74  5:23  Glial Reconstitution  
  74  5:25  Drone  
  77  5:31  Drone x2  
  77  5:33  Pathogen Glands  
  79  5:37  Drone x3  
  82  5:45  Spore Crawler  
  82  5:46  Spore Crawler  
  82  5:48  Spore Crawler, Queen  
  80  5:50  Overseer  
  80  5:52  Drone  
  80  5:53  Hatchery  
  80  5:54  Drone  
  80  5:55  Overlord  
  81  6:12  Overlord  
  81  6:13  Overlord  
  81  6:15  Infestor x4  
  81  6:17  Drone  
  90  6:19  Overlord x3  
  90  6:33  Roach x3  
  90  6:34  Roach x5  
  90  6:38  Drone x4  
  90  6:39  Drone  
  111  6:45  Drone x2  
  113  6:49  Extractor  
  113  6:53  Extractor  
  111  6:57  Infestor x2  
  111  7:00  Zerg Missile Weapons Level 2  
  115  7:02  Zerg Ground Armor Level 2  
  115  7:05  Drone x3  
  115  7:06  Drone  
  115  7:07  Drone x2  
  117  7:12  Ravager x2  
  117  7:13  Drone  
  117  7:14  Drone  
  121  7:19  Drone x2  
  121  7:20  Queen x2  
  129  7:25  Hive  
  129  7:28  Spore Crawler, Queen  
  129  7:29  Drone  
  129  7:32  Ravager x3  
  130  7:56  Roach x3  
  130  7:58  Overlord x4  
  128  8:12  Queen x2  
  128  8:17  Roach  
  128  8:18  Roach x12  
  128  8:19  Queen  
  149  8:22  Hatchery, Ravager x4  
  149  8:23  Roach x2  
  150  8:38  Roach x5  
  159  8:43  Overlord x3  
  159  8:49  Queen  
  159  8:51  Queen  
  157  9:01  Overlord x4  
  157  9:05  Roach  
  157  9:06  Roach x6  
  157  9:07  Queen x2  
  152  9:17  Roach  
  152  9:18  Roach x3  
  152  9:24  Roach x3  
  158  9:26  Roach  
  158  9:27  Roach  
  158  9:28  Zerg Ground Armor Level 3, Zerg Missile Weapons Level 3  
  162  9:31  Ultralisk Cavern  
  162  9:35  Overseer  
  162  9:37  Roach  
  165  9:38  Roach  
  165  9:40  Ravager x3  
  165  9:41  Hatchery  
  165  9:44  Infestor x2  
  150  9:54  Roach  
  150  9:55  Roach x5  
  150  9:59  Infestor x2  
  145  10:14  Roach x9  
  137  10:30  Roach  
  137  10:31  Roach x7  
  141  10:40  Roach x8  
  141  10:41  Roach  
  151  10:45  Infestor x2  
  151  10:48  Chitinous Plating  
  149  11:00  Roach x7  
  149  11:03  Ravager  
  141  11:08  Roach x2  
  141  11:11  Overseer  
  141  11:14  Ravager  
  141  11:15  Ravager x2  
  141  11:18  Ravager  
  137  11:32  Roach x9  
  125  11:35  Roach x2  
  125  11:36  Queen x3  
  125  11:38  Roach x3  
  135  11:45  Roach  
  135  11:46  Roach x4  
  131  11:50  Roach x3  
  123  11:59  Roach x3  
Tags
 
Add a new tag
Caveats
  • Supply blocks, unpowered buildings, or Contaminate may cause inaccurate times.
  • Supply counts are checked every 10 seconds.